 Dungeon Crawl Stone Soup version 0.21-a0-237-g87df72b (webtiles) character file.

49 sveltemanboy the Chopper (level 3, -1/29 HPs)
             Began as a Demonspawn Monk on Sept 2, 2017.
             Slain by a worm (9 damage)
             ... on level 2 of the Dungeon.
             The game lasted 00:02:47 (1504 turns).

sveltemanboy the Chopper (Demonspawn Monk)          Turns: 1504, Time: 00:02:48

Health: -1/29      AC:  5    Str: 11    XL:     3   Next: 53%
Magic:  3/3        EV: 11    Int: 12    God:
Gold:   48         SH:  0    Dex: 15    Spells: 2/2 levels left

rFire    + . .     SeeInvis +   a - +0 hand axe
rCold    x . .     Gourm    .   (no shield)
rNeg     . . .     Faith    .   e - +0 ring mail
rPois    .         Spirit   .   (no helmet)
rElec    .         Reflect  .   (no cloak)
rCorr    .         Harm     .   (no gloves)
MR       .....                  (no boots)
Stlth    +.........             (no amulet)
HPRegen  0.09/turn              g - ring of fire
MPRegen  0.08/turn              b - ring of see invisible

@: no status effects
A: spiny 1
a: no special abilities


You were on level 2 of the Dungeon.
You were not hungry.

You visited 1 branch of the dungeon, and saw 2 of its levels.

You collected 48 gold pieces.

Inventory:

Hand Weapons
 a - a +0 hand axe (weapon)
Armour
 e - a +0 ring mail (worn)
Jewellery
 b - a ring of see invisible (right hand)
 g - a ring of fire (left hand)
Scrolls
 k - a scroll of identify {unknown}
Potions
 d - a potion of heal wounds {unknown}
 f - a potion of flight {unknown}
Comestibles
 c - 2 bread rations
 h - a meat ration
 i - 3 chunks of flesh
 j - a royal jelly


   Skills:
 - Level 3.0 Fighting
 * Level 3.9 Axes
 - Level 1.0 Armour
 - Level 2.6 Dodging
 - Level 1.7 Stealth


You had 2 spell levels left.
You didn't know any spells.

Dungeon Overview and Level Annotations

Branches:
Dungeon (2/15)

Altars:


Innate Abilities, Weirdness & Mutations

You are partially covered in sharp spines.


Message History

The worm is heavily wounded.
The worm bites you!
You are too injured to fight recklessly!
You are too injured to fight recklessly!
You hit the worm.
The worm is severely wounded.
You hit the worm but do no damage.
The worm is severely wounded.
The worm barely misses you.
You hit the worm but do no damage.
The worm is heavily wounded.
The worm bites you.
* * * LOW HITPOINT WARNING * * *
Some of the chunks of flesh in your inventory have rotted away.
You barely miss the worm.
The worm is heavily wounded.
You hit the worm.
The worm is severely wounded.
The worm is struck by your spines. The worm bites you!
You die...

#.#..#...>.#
#..........#
###..#.....#
#..##...##
#.. ##..#
#.. #..#
##..###..#
.........#
##..###@##
....?..w#
#.#######


You could see a worm.

Vanquished Creatures
  An ooze (D:1)
  2 dart slugs (D:1)
  2 bats
  A giant cockroach (D:2)
  5 goblins
  6 hobgoblins
  9 jackals (D:1)
  A frilled lizard (D:1)
  2 kobolds
  7 rats
36 creatures vanquished.

Notes
Turn   | Place    | Note
-------+----------+-------------------------------------------
     0 | D:1      | sveltemanboy the Demonspawn Monk began the quest for the Orb.
     0 | D:1      | Reached XP level 1. HP: 18/18 MP: 1/1
   275 | D:1      | Gained mutation: You are partially covered in sharp spines. [demonic ancestry]
   275 | D:1      | Reached XP level 2. HP: 16/24 MP: 2/2
   288 | D:1      | Reached skill level 1 in Armour
   687 | D:1      | Reached XP level 3. HP: 28/29 MP: 3/3
  1504 | D:2      | Slain by a worm

Vault maps used:
D:1:      minmay_arrival_five_plusses, serial_curves, eino_curves_03,
          eino_curves_03
D:2:      first_bread, uniq_terence

Skill      XL: |  1  2 |
---------------+-------+-----
Axes           | 3 |  3.9
Armour         | 1 |  1.0
Fighting       | |  3.0
Dodging        | |  2.6
Stealth        | |  1.7

Action                   || total
-------------------------++-------
Melee: Hand axe          ||   100
 Stab: Sleeping          ||     1
       Distracted        ||     1
  Eat: Chunk             ||     2
Armor: Ring mail         ||    28
       Robe              ||     1
Dodge: Dodged            ||    65

Table legend:
 A = Spawn XP
 B = Non-spawn XP
 C = Spawn XP percentage of total XP
 D = Spawn monster count
 E = Non-spawn monster count
 F = Spawn count percentage of total count
 G = Total turns spent on level
                    A         B        C        D         E        F      G
               +---------+---------+-------+---------+---------+-------+---------
         Total |      15 |      56 |  21.1 |       4 |      32 |  11.1 |  1504
               +---------+---------+-------+---------+---------+-------+---------
           D:1 |      15 |      43 |  25.9 |       4 |      24 |  14.3 |  1116
           D:2 |       0 |      13 |   0.0 |       0 |       8 |   0.0 |   388
               +---------+---------+-------+---------+---------+-------+---------
